cohdb
Replays
Latest Replays
All Replays
Popular Replays
Top Player Replays
Match Explorer
How It Works
Community
CoH3 Stats
Reddit
Sign in to upload your games and track your stats! →
Sign in with Steam
Match 41522692
Unlisted
Match 41522692
Overview
Messages
Build Orders
End
Panzergrenadier Squad
Panzergrenadier Squad
Construct Light Support Kompanie
Panzergrenadier Squad
Fire Support Elements
Veteran Squad Leaders
Selects Battlefield Espionage Battlegroup
Selects Intel Disruption Beacon
le.IG 18 Mechanized Group
Construct Panzerarmee Kommand
Selects 250/3 Funkpanzerwagen
Flak 36 Anti-tank Gun Team
Selects Anti-Tank Incendiary Munitions
Biggus dickus
AquaFerret
General_Zaad
Mael Radec
ccGOAAALLL
Etiyen
Drink||Belzebuth
mooncat_black
0
0
Comments
sign in to comment!
No comments posted yet!